 Dungeon Crawl Stone Soup version 0.30-a0-782-ge64f9170bb (webtiles) character file.

Game seed: 9414419571544420843

528 tilp the Slasher (level 7, -3/61 HPs)
             Began as a Meteoran Fighter on Feb 22, 2023.
             Constricted to death by Pikel (5 damage)
             ... on level 4 of the Dungeon.
             The game lasted 00:06:13 (1557 turns).

tilp the Slasher (Meteoran Fighter)                 Turns: 1557, Time: 00:06:13

Health: -3/61      AC:  8    Str: 17    XL:     7   Next: 77%
Magic:  8/8        EV:  7    Int: 11    God:
Gold:   109        SH:  5    Dex: 15    Spells: 6/6 levels left

rFire   . . .      SeeInvis .    a - +0 long sword
rCold   . . .      Faith    .    c - +0 buckler
rNeg    . . .      Spirit   .    b - +0 scale mail
rPois   .          Reflect  .    n - +0 helmet
rElec   .          Harm     .    (no cloak)
rCorr   .          Rampage  .    (no gloves)
Will    .....                    (no boots) Stlth
                                 (no amulet)
HPRegen 0.30/turn                (no ring)
MPRegen 0.11/turn                (no ring)

@: grasped by roots, glowing, constricted
A: sense surroundings 1, otherworldly, glowing, explore regen
a: no special abilities


You were on level 4 of the Dungeon.
You visited 1 branch of the dungeon, and saw 4 of its levels.

You collected 109 gold pieces.

Inventory:

Hand Weapons
 a - a +0 long sword (weapon)
Missiles
 f - 23 stones (quivered)
 i - 2 poisoned darts
 l - 2 atropa-tipped darts
Armour
 b - a +0 scale mail (worn)
 c - a +0 buckler (worn)
 n - a +0 helmet (worn)
Scrolls
 g - a scroll of fog {unknown}
 m - a scroll of blinking {unknown}
 p - a scroll of identify {unknown}
 q - 2 scrolls of magic mapping {unknown}
 r - 2 scrolls of vulnerability {unknown}
 u - a scroll of torment {unknown}
Potions
 d - a potion of degeneration {unknown}
 e - a potion of magic {unknown}
 h - 2 potions of attraction {unknown}
 j - a potion of berserk rage {unknown}
 k - a potion of cancellation {unknown}
 o - a potion of flight {unknown}
 s - a potion of mutation {unknown}
 t - a potion of resistance {unknown}


   Skills:
 * Level 5.1 Fighting
 + Level 6.5 Long Blades
 - Level 2.0 Throwing
 - Level 4.0 Armour
 + Level 3.1 Dodging
 - Level 4.0 Shields


You had 6 spell levels left.
You didn't know any spells.
Your spell library was empty.

Dungeon Overview and Level Annotations

Branches:
Dungeon (4/15) Zot: 787
 Temple: D:4-7

Altars:
Wu Jian

Annotations:
D:4 Grinder; Pikel; clease's ghost, amateur DsGl


Innate Abilities, Weirdness & Mutations

You passively map a small area around you.
You are easily found by Zot.
You glow in the dark.
You regain HP and MP as you explore.


Message History

The black bear claws you. The black bear misses you.
You slash the black bear!
The black bear is severely wounded.
The black bear bites you.
The black bear claws you but does no damage.
The black bear claws you.
You closely miss the black bear.
The black bear is severely wounded.
The black bear bites you.
* * * LOW HITPOINT WARNING * * *
The black bear claws you.
* * * LOW HITPOINT WARNING * * *
The black bear claws you but does no damage.
You slash the black bear!
You kill the black bear!
Pikel zaps a wand.
The roots erupt in riotous growth!
The lemure is unaffected.
The grasping roots grab you!
Pikel is unaffected.
The grasping roots constrict you.
Your Fighting skill increases to level 5!
Your Dodging skill increases to level 3!
Unknown command.
You closely miss the lemure. The lemure hits you but does no damage.
The grasping roots constrict you.
* * * LOW HITPOINT WARNING * * *
You hit Pikel but do no damage.
Pikel says, "You'll feel the lick of my whip!"
You block Pikel's attack. The grasping roots constrict you.
* * * LOW HITPOINT WARNING * * *
You barely miss Pikel.
Pikel hits you with a +2 whip of flaming.
* * * LOW HITPOINT WARNING * * *
Pikel burns you.
* * * LOW HITPOINT WARNING * * *
The grasping roots constrict you!
* * * LOW HITPOINT WARNING * * *
The grasping roots release their grip on you.
You barely miss Pikel.
Pikel zaps a wand.
The roots erupt in riotous growth!
The grasping roots grab you!
Pikel is unaffected.
The grasping roots constrict you.
You die...

*
+.##.≈≈.####..............
©
#..#.≈≈..##...............
#.##.≈≈...................
#.#..≈≈...................
+.#©.~~...............####
* #.#..≈≈..............##
#.##.≈≈.#.............* ,,
.g#.≈≈.###..........## *,
*.##.≈≈..@##.........# * #
#..≈≈..#K5.......... ,
.###≈≈.###.......(...
gg#≈≈..##....###.. , * .
#≈≈............. ,
#≈≈....5....... ,, ,
*##≈≈............. ~ ~
≈≈≈≈.........##.#
≈≈≈≈..........#..


You could see Pikel, a lemure, a gnoll bouda and 2 gnolls.

Vanquished Creatures
  2 black bears (D:4)
  An ogre (D:3)
  2 lemures
  A vampire bat (D:3)
  A hound (D:4)
  6 adders
  A worm (D:2)
  A dart slug (D:2)
  3 fire bats (D:3)
  2 spectral bats (D:3)
  12 bats
  3 bat skeletons (D:3)
  A bat zombie (D:3)
  4 endoplasms
  5 goblins
  2 hobgoblins
  8 jackals
  3 quokkas
  5 ball pythons
  A bat simulacrum (D:3)
  A frilled lizard (D:3)
  4 kobolds
  2 rats
71 creatures vanquished.

Vanquished Creatures (others)
  2 plants (D:4)
2 creatures vanquished.

Grand Total: 73 creatures vanquished

Notes
Turn   | Place    | Note
-------+----------+-------------------------------------------
     0 | D:1      | tilp the Meteoran Fighter began the quest for the Orb.
     0 | D:1      | Reached XP level 1. HP: 19/19 MP: 2/2
    89 | D:1      | Reached XP level 2. HP: 26/26 MP: 3/3
   153 | D:2      | Reached skill level 3 in Long Blades
   160 | D:2      | Reached skill level 1 in Dodging
   193 | D:2      | Reached XP level 3. HP: 20/31 MP: 4/4
   329 | D:1      | Reached XP level 4. HP: 40/40 MP: 5/5
   340 | D:1      | Found a faded altar of an unknown god.
   548 | D:3      | Reached skill level 4 in Long Blades
   599 | D:3      | Noticed an ogre
   605 | D:3      | Killed an ogre
   606 | D:3      | Reached skill level 5 in Long Blades
   606 | D:3      | Reached XP level 5. HP: 19/46 MP: 6/6
   615 | D:3      | Reached XP level 6. HP: 25/52 MP: 7/7
   627 | D:4      | Noticed a black bear
   631 | D:4      | Killed a black bear
   632 | D:4      | Reached skill level 6 in Long Blades
   665 | D:3      | Reached skill level 1 in Throwing
   937 | D:3      | Found an ornate altar of the Wu Jian Council.
  1089 | D:3      | Reached XP level 7. HP: 59/60 MP: 8/8
  1459 | D:4      | Noticed Grinder
  1527 | D:4      | Noticed Pikel
  1554 | D:4      | Reached skill level 5 in Fighting
  1554 | D:4      | Noticed clease's ghost (amateur DsGl)
  1556 | D:4      | HP: 2/61 [constriction (8)]
  1557 | D:4      | Constricted to death by Pikel

Illustrated notes

Levels and vault maps discovered:
D:1:      wander_arrival_chamber, layout_basic,
          hellmonk_ecumenical_altar_inner_sanctum
D:2:      layout_rooms
D:3:      layout_basic, mainiacjoe_overflow_alcove_4, goddamned_bats
D:4:      layout_layer_cave, gammafunk_ghost_gnarly_gnolls, uniq_grinder,
          uniq_pikel

Skill      XL: |  1  2  3  4  5  6  7 |
---------------+----------------------+-----
Long Blades    | 3 5 6 |  6.5
Dodging        | 1 2 3 |  3.1
Fighting       | 4 5 |  5.1
Throwing       | 1 2 |  2.0
Shields        | 4 |  4.0
Armour         | 4 |  4.0

Action                     |  1- 3 |  4- 6 |  7- 9 || total
---------------------------+-------+-------+-------++-------
  Melee: Long sword        |    81 |    89 |    84 ||   254
    Use: Potion            |       |     1 |       ||     1
 Armour: Scale mail        |    55 |    78 |    66 ||   199
  Dodge: Dodged            |    39 |    56 |    55 ||   150
  Block: Buckler           |    22 |    25 |    27 ||    74

Table legend: (Time is in decaauts)
 A = Elapsed time spent in this place.
 B = Non-inter-level travel time spent in this place.
 C = Inter-level travel time spent in this place.
 D = Time resting spent in this place.
 E = Time spent auto-exploring this place.
 F = Levels seen in this place.
 G = Mean time per level.
                   A        B        C        D        E       F      G
               +--------+--------+--------+--------+--------+-----+--------+
         Total |   1611 |   1305 |    306 |      0 |     11 |   4 |  402.8 |
       Dungeon |   1611 |   1305 |    306 |      0 |     11 |   4 |  402.8 |
               +--------+--------+--------+--------+--------+-----+--------+

Top non-repeatable levels by time:
     D:3: 1021 daAuts
     D:2: 243 daAuts
     D:4: 186 daAuts
     D:1: 160 daAuts
